 Dungeon Crawl Stone Soup version 0.29-a0-775-g4d7333d4e2 (webtiles) character file.

Game seed: 8106149750105107883

33 gobodom the Stinger (level 3, 0/36 HPs)
             Began as a Demonspawn Venom Mage on July 1, 2022.
             Was a Follower of Jiyva.
             Succumbed to Sigmund's poison
             ... on level 2 of the Dungeon.
             The game lasted 00:03:57 (1237 turns).

gobodom the Stinger (Demonspawn Venom Mage)         Turns: 1237, Time: 00:03:58

Health: 0/36       AC:  4    Str: 10    XL:     3   Next: 12%
Magic:  6/6        EV: 12    Int: 16    God:    Jiyva [*.....]
Gold:   63         SH:  4    Dex: 13    Spells: 6/7 levels left

rFire   . . .      SeeInvis .   c - +0 dagger
rCold   . . .      Faith    .   (no shield)
rNeg    . . .      Spirit   .   a - +0 robe
rPois   .          Reflect  .   (no helmet)
rElec   .          Harm     .   (no cloak)
rCorr   .          Rampage  .   (no gloves)
Will    .....                   (no boots)
Stlth   ..........              (no amulet)
HPRegen 0.92/turn               (no ring)
MPRegen 0.35/turn               (no ring)

@: berserking, lethally poisoned (0 -> -7), very quick
A: molten scales 1, condensation shield
a: Renounce Religion


You were on level 2 of the Dungeon.
You worshipped Jiyva.
Jiyva was aware of your devotion.
You visited 1 branch of the dungeon, and saw 2 of its levels.

You collected 63 gold pieces.

Inventory:

Hand Weapons
 c - a +0 dagger (weapon)
Armour
 a - a +0 robe (worn)
Scrolls
 d - a scroll of amnesia {unknown}
 e - 3 scrolls of magic mapping {unknown}
 h - a scroll of blinking {unknown}
 i - a scroll of identify {unknown}
 j - a scroll of silence {unknown}
Potions
 b - a potion of magic
 g - 2 potions of attraction {unknown}


   Skills:
 + Level 0.2 Short Blades
 + Level 1.8 Dodging
 + Level 1.7 Stealth
 + Level 0.4 Shields
 + Level 2.5 Spellcasting
 + Level 1.3 Transmutations
 + Level 3.3 Poison Magic


You had 6 spell levels left.
You knew the following spells:

 Your Spells              Type           Power      Damage    Failure   Level
a - Sting                 Tmut/Pois      36%        1d4       8%          1

Your spell library contained the following spells:

 Spells                   Type           Power      Damage    Failure   Level
 Poisonous Vapours        Pois/Air       14%        N/A       14%         2
 Mephitic Cloud           Conj/Pois/Air  5%         N/A       36%         3
 Olgreb's Toxic Radiance  Pois           12%        N/A       43%         4
 Gell's Gravitas          Tloc           2%         N/A       52%         3
 Teleport Other           Tloc           2%         N/A       52%         3
 Dispersal                Tloc           1%         N/A       100%        6


Dungeon Overview and Level Annotations

Branches:
Dungeon (2/15)

Altars:
Jiyva

Annotations:
D:2 Sigmund


Innate Abilities, Weirdness & Mutations

You are partially covered in molten scales. (AC +2)
A meltable shield of frost defends you. (SH +4)


Message History

You hear a distant slurping noise.
You hear a distant slurping noise.
Sigmund the Dreaded comes into view.
He is wielding a +1 scythe of venom and wearing a +1 robe of resistance.
Sigmund shouts!
Sigmund moves out of view.
You can't see any susceptible monsters within range! (Use Z to cast anyway.)
The sting hits Sigmund.
Sigmund is poisoned.
Sigmund is lightly wounded.
Sigmund whispers, "You'll know eternity soon."
Sigmund hits you from afar with a +1 scythe of venom.
The sting hits Sigmund.
Sigmund looks even sicker.
Sigmund is lightly wounded.
The sting hits Sigmund.
Sigmund looks even sicker.
Sigmund is moderately wounded.
Sigmund mumbles some strange words.
Sigmund flickers and vanishes!
Deactivating autopickup; reactivate with Ctrl-A.
Something hits you!
You are poisoned.
You closely miss something.
You feel very sick. Something hits you.
You are lethally poisoned!
You closely miss something.
* * * LOW HITPOINT WARNING * * *
You feel very sick.
It was a potion of berserk rage.
A red film seems to cover your vision as you go berserk!
You feel yourself moving faster!
You feel mighty!
* * * LOW HITPOINT WARNING * * *
You feel very sick. You block something's attack.
Unknown command.
You are too berserk!
Okay, then.
You closely miss something.
* * * LOW HITPOINT WARNING * * *
You feel very sick.
You closely miss something.
You die...

########### #. ..
............# #. #
.#####.#########.#####. ..
.....................J
#.#.....#########..####J
.......# ### ##.# #.. #
.....# ...# #.###..
####.###.#.#....#####..##..
.....#....@{...........##..
##.....J##.#....######.##..
...........# #### #.##..
##......######## #..#..
#.............# #.†#..
#......#.##.#.## #.....
######..#..#...######.#...
....#.##.#............#
.####.#.##.#.##########.#


You could see a neutral jelly (wandering) (fellow slime).

Vanquished Creatures
  An adder (D:2)
  4 ball pythons
  2 bats (D:1)
  A giant cockroach (D:1)
  2 goblins (D:1)
  5 hobgoblins
  2 kobolds
  A quokka (D:1)
  3 frilled lizards
  A rat (D:2)
22 creatures vanquished.

Vanquished Creatures (others)
  An adder (D:2)
  2 endoplasms (D:2)
  2 ball pythons (D:2)
  4 hobgoblins (D:2)
  2 kobolds (D:2)
  A quokka (D:2)
12 creatures vanquished.

Grand Total: 34 creatures vanquished

Notes
Turn   | Place    | Note
-------+----------+-------------------------------------------
     0 | D:1      | gobodom the Demonspawn Venom Mage began the quest for the
                  | Orb.
     0 | D:1      | Reached XP level 1. HP: 13/13 MP: 3/3
    32 | D:1      | Found a faded altar of an unknown god.
   211 | D:1      | Gained mutation: A meltable shield of frost defends you.
                  | (SH +4) [demonic ancestry]
   211 | D:1      | Reached XP level 2. HP: 15/19 MP: 0/5
   384 | D:1      | Reached skill level 1 in Transmutations
   789 | D:1      | Prayed at the altar of an unknown god.
   789 | D:1      | Became a worshipper of Jiyva Jorycvej the Shapeless
   789 | D:1      | Reached * piety under Jiyva
   955 | D:2      | Gained mutation: You are partially covered in molten
                  | scales. (AC +2) [demonic ancestry]
   955 | D:2      | Reached XP level 3. HP: 24/24 MP: 4/6
  1226 | D:2      | Noticed Sigmund
  1236 | D:2      | HP: 1/36 [poisoned by Sigmund]
  1237 | D:2      | Succumbed to Sigmund's poison

Illustrated notes

Levels and vault maps discovered:
D:1:      dpeg_arrival_erosion, layout_loops_cross,
          ebering_ecumenical_altar_abandoned
D:2:      layout_basic, basic_altar, minmay_small_reverse_x, uniq_sigmund

Skill      XL: |  1  2 |
---------------+-------+-----
Transmutations | 1 |  1.3
Short Blades   | |  0.2
Dodging        | |  1.8
Stealth        | |  1.7
Shields        | |  0.4
Spellcasting   | |  2.5
Poison Magic   | |  3.3

Action                   || total
-------------------------++-------
Melee: Dagger            ||    40
 Cast: Sting             ||    32
  Use: Potion            ||     1
 Stab: Sleeping          ||     5
Armor: Robe              ||     7
Dodge: Dodged            ||    34
Block: Other             ||     5

Table legend: (Time is in decaauts)
 A = Elapsed time spent in this place.
 B = Non-inter-level travel time spent in this place.
 C = Inter-level travel time spent in this place.
 D = Time resting spent in this place.
 E = Time spent auto-exploring this place.
 F = Levels seen in this place.
 G = Mean time per level.
                   A        B        C        D        E       F      G
               +--------+--------+--------+--------+--------+-----+--------+
         Total |   1235 |   1199 |     36 |      0 |    996 |   2 |  617.5 |
       Dungeon |   1235 |   1199 |     36 |      0 |    996 |   2 |  617.5 |
               +--------+--------+--------+--------+--------+-----+--------+

Top non-repeatable levels by time:
     D:1: 813 daAuts
     D:2: 422 daAuts
